 Dungeon Crawl Stone Soup version 0.30-a0-568-g124715a40b (webtiles) character file.

Game seed: 9727306805030642889

186 bande the Shield-Bearer (level 5, -3/33 HPs)
             Began as a Gargoyle Fighter on Dec 29, 2022.
             Killed from afar by Blork the orc (6 damage)
             ... with a puff of flame
             ... on level 5 of the Dungeon.
             The game lasted 00:04:06 (2859 turns).

bande the Shield-Bearer (Gargoyle Fighter)          Turns: 2859, Time: 00:04:06

Health: -3/33      AC: 12    Str: 20    XL:     5   Next: 66%
Magic:  5/5        EV:  8    Int:  8    God:
Gold:   109        SH:  8    Dex: 11    Spells: 4/4 levels left

rFire   . . .      SeeInvis .    a - +0 war axe
rCold   . . .      Faith    .    h - +0 kite shield
rNeg    + . .      Spirit   .    b - +0 scale mail
rPois   ∞          Reflect  .    (no helmet)
rElec   +          Harm     .    r - +0 cloak
rCorr   .          Rampage  .    (no gloves)
Will    .....                    (no boots) Stlth
                                 (no amulet)
HPRegen 0.25/turn                o - +4 ring of slaying
MPRegen 0.09/turn                (no ring)

@: no status effects
A: sickness immunity, AC +4, negative energy resistance 1, electricity
resistance, torment resistance 1, petrification resistance
a: no special abilities


You were on level 5 of the Dungeon.
You visited 1 branch of the dungeon, and saw 6 of its levels.

You collected 109 gold pieces.

Inventory:

Hand Weapons
 a - a +0 war axe (weapon)
Armour
 b - a +0 scale mail (worn)
 h - a +0 kite shield (worn)
 r - a +0 cloak (worn)
Jewellery
 o - a +4 ring of slaying (left hand)
Wands
 q - a wand of roots (12)
Scrolls
 m - a scroll of teleportation
 n - a scroll of blinking
Potions
 d - a potion of might
 e - 2 potions of curing
 g - 3 potions of magic
 i - 3 potions of invisibility
 j - a potion of heal wounds
 l - a potion of haste {unknown}


   Skills:
 + Level 4.2 Fighting
 + Level 3.6 Axes
 + Level 4.0 Armour
 + Level 4.2 Shields


You had 4 spell levels left.
You didn't know any spells.
Your spell library contained the following spells:

 Spells                   Type           Power      Damage    Failure   Level
 Ensorcelled Hibernation  Hex/Ice        0%         N/A       99%         2
 Passwall                 Tmut/Erth      0%         N/A       99%         2
 Gell's Gravitas          Tloc           0%         N/A       100%        3
 Swiftness                Air            0%         N/A       100%        3
 Teleport Other           Tloc           0%         N/A       100%        3
 Blade Hands              Tmut           0%         N/A       100%        5
 Irradiate                Conj/Tmut      0%         3d11      100%        5
 Dispersal                Tloc           0%         N/A       100%        6
 Dragon Form              Tmut           0%         N/A       100%        7


Dungeon Overview and Level Annotations

Branches:
Dungeon (6/15)
 Temple: D:4-7

Altars:

Annotations:
D:5 Blork the orc


Innate Abilities, Weirdness & Mutations

You are immune to sickness and miasma.
Your stone body is resilient. (AC +4)
You are immune to poison.
You resist negative energy. (rN+)
You are resistant to electric shocks. (rElec)
You are resistant to unholy torment.
You are immune to petrification.


Message History

Blork the orc comes into view.
He is wielding a +0 trident.
Blork the orc shouts!
Blork the orc is nearby!
Blork the orc gestures wildly while chanting.
Blork the orc seems to speed up.
Blork the orc gestures at you while chanting.
You block the puff of flame. Blork the orc barely misses you. x2
You barely miss Blork the orc. Blork the orc barely misses you.
Blork the orc hits you with a +0 trident.
You slash Blork the orc!
Blork the orc is heavily wounded.
Blork the orc looks encouraged for a moment.
Blork the orc hits you with a +0 trident.
You barely miss Blork the orc.
Blork the orc is heavily wounded.
Blork the orc hits you but does no damage.
Blork the orc hits you with a +0 trident!
You closely miss Blork the orc.
Blork the orc is heavily wounded.
Blork the orc hits you with a +0 trident.
Blork the orc closely misses you.
You are too injured to fight recklessly!
You are too injured to fight recklessly!
You are too injured to fight recklessly!
You barely miss Blork the orc.
Blork the orc is heavily wounded.
Blork the orc gestures at you while chanting.
You block the puff of flame.
Blork the orc screams, "You are the ugliest creature I've ever seen!"
Blork the orc hits you with a +0 trident.
Blork the orc closely misses you.
You slash Blork the orc!
Blork the orc is severely wounded.
Blork the orc gestures at you while chanting.
The puff of frost hits you!
* * * LOW HITPOINT WARNING * * *
Blork the orc points at you and mumbles some strange words.
The puff of flame hits you.
You die...

..######.# .. .........#
.# ..###...## ..# ..#
#...######.# ..#
#..........#
..###...###..#....
...##........# .
)........###.##########.
..##....## #....@o......
#####..># #############
#####


You could see Blork the orc (fast).

Vanquished Creatures
  An ogre (D:5)
  Crazy Yiuf (D:3)
  2 adders (D:3)
  4 dart slugs
  3 ball pythons
  6 bats
  2 endoplasms
  A giant cockroach (D:1)
  6 goblins
  7 hobgoblins
  6 kobolds
  A quokka (D:2)
  5 frilled lizards
  7 rats
52 creatures vanquished.

Vanquished Creatures (others)
  A plant (D:3)
1 creature vanquished.

Grand Total: 53 creatures vanquished

Notes
Turn   | Place    | Note
-------+----------+-------------------------------------------
     0 | D:1      | bande the Gargoyle Fighter began the quest for the Orb.
     0 | D:1      | Reached XP level 1. HP: 14/14 MP: 1/1
   243 | D:1      | Reached XP level 2. HP: 19/19 MP: 2/2
   844 | D:1      | Reached XP level 3. HP: 22/24 MP: 3/3
  2057 | D:3      | Reached XP level 4. HP: 29/29 MP: 4/4
  2310 | D:3      | Found a runed translucent door.
  2311 | D:3      | Noticed Crazy Yiuf
  2522 | D:3      | Killed Crazy Yiuf
  2735 | D:4      | You fall into a shaft and drop 2 floors!
  2741 | D:5      | Entered Level 5 of the Dungeon
  2750 | D:5      | Noticed an ogre
  2758 | D:5      | Killed an ogre
  2759 | D:5      | Reached XP level 5. HP: 16/33 MP: 5/5
  2849 | D:5      | Noticed Blork the orc
  2859 | D:5      | Killed from afar by Blork the orc

Illustrated notes

Levels and vault maps discovered:
D:1:      kilobyte_arrival_exit_the_forest, layout_loops_ring,
          minmay_splitting_lines
D:2:      layout_loops_ring, kennysheep_another_room, st_stairs_12
D:3:      wad_lake_hut, layout_basic, uniq_crazy_yiuf_cottage
D:4:      wad_woods_tower, layout_layer_cave, fedhas_altar_2, minivault_11,
          reono_crystal_passage, uniq_eustachio
D:5:      layout_basic, uniq_blork_the_orc
D:6:      layout_basic, temple_statues, chequers_serial_rivers_small_b

Skill      XL: |  1  2  3  4 |
---------------+-------------+-----
Axes           | 2 3 |  3.6
Fighting       | 4 |  4.2
Shields        | 4 |  4.2
Armour         | 4 |  4.0

Action                   |  1- 3 |  4- 6 || total
-------------------------+-------+-------++-------
Melee: War axe           |   128 |    36 ||   164
  Use: Scroll            |     5 |     7 ||    12
Armor: Scale mail        |    75 |    12 ||    87
Dodge: Dodged            |    47 |    12 ||    59
Block: Buckler           |     6 |       ||     6
       Kite shield       |    48 |    20 ||    68

Table legend: (Time is in decaauts)
 A = Elapsed time spent in this place.
 B = Non-inter-level travel time spent in this place.
 C = Inter-level travel time spent in this place.
 D = Time resting spent in this place.
 E = Time spent auto-exploring this place.
 F = Levels seen in this place.
 G = Mean time per level.
                   A        B        C        D        E       F      G
               +--------+--------+--------+--------+--------+-----+--------+
         Total |   2995 |   2775 |    220 |     23 |   2216 |   6 |  499.2 |
       Dungeon |   2995 |   2775 |    220 |     23 |   2216 |   6 |  499.2 |
               +--------+--------+--------+--------+--------+-----+--------+

Top non-repeatable levels by time:
     D:3: 1107 daAuts
     D:1: 1013 daAuts
     D:2: 730 daAuts
     D:5: 121 daAuts
     D:4: 16 daAuts
     D:6: 5 daAuts
